 Dungeon Crawl Stone Soup version 0.23.2-1-ga50397a (webtiles) character file.

Game seed: 297778363735305473

10490 Furikabute the Fighter (level 11, 0/107 HPs)
             Began as a Hill Orc Fighter on Apr 19, 2019.
             Was a High Priest of Okawaru.
             Slain by Snorg (7 damage)
             ... on level 1 of the Orcish Mines.
             The game lasted 01:05:31 (10723 turns).

Furikabute the Fighter (Hill Orc Fighter)          Turns: 10723, Time: 01:05:33

Health: 0/107      AC: 27    Str: 26    XL:     11   Next: 62%
Magic:  7/17       EV:  9    Int:  8    God:    Okawaru [*****.]
Gold:   571        SH: 13    Dex: 10    Spells: 10/10 levels left

rFire    . . .     SeeInvis .   u - +5 hand axe
rCold    . . .     Gourm    .   a - +2 shield {AC+3}
rNeg     + + .     Faith    .   C - +6 chain mail of Voqipnurph {rN++ MR- Stlth+}
rPois    .         Spirit   .   (helmet restricted)
rElec    .         Reflect  .   (no cloak)
rCorr    .         Harm     .   h - +0 pair of gloves {Str+3}
MR       .....                  (no boots)
Stlth    ++........             (no amulet)
HPRegen  0.27/turn              x - +3 ring of protection
MPRegen  0.15/turn              t - ring of stealth

@: heroism, finesse
A: horns 1, MP-powered wands
a: Heroism, Finesse, Renounce Religion


You were on level 1 of the Orcish Mines.
You worshipped Okawaru.
Okawaru was extremely pleased with you.
You were not hungry.

You visited 3 branches of the dungeon, and saw 13 of its levels.

You collected 995 gold pieces.
You spent 424 gold pieces at shops.

Inventory:

Hand Weapons
 b - the +9 hunting sling of Tumult {speed, -Tele rPois Int+4}
   (You found it on level 9 of the Dungeon)

   Attacks with this weapon are significantly faster.
   It affects your intelligence (+4).
   It protects you from poison.
   It prevents most forms of teleportation.
 e - a +3 shortbow
 i - a +1 short sword of freezing
 u - a +5 hand axe (weapon)
Missiles
 k - 276 arrows
 o - 10 tomahawks (quivered)
 v - a throwing net
Armour
 a - a +2 shield of protection (worn)
 c - a +0 troll leather armour
 h - a +0 pair of gloves of strength (worn)
 C - the +6 chain mail of Voqipnurph (worn) {rN++ MR- Stlth+}
   (You bought it in a shop on level 8 of the Dungeon)

   It greatly protects you from negative energy.
   It affects your resistance to hostile enchantments.
   It makes you more stealthy.
Jewellery
 m - a +2 ring of intelligence
 t - a ring of stealth (right hand)
 x - a +3 ring of protection (left hand)
 E - an uncursed ring of resist corrosion
Wands
 j - a wand of paralysis (9)
 l - a wand of acid (4)
 n - a wand of scattershot (4)
 y - a wand of iceblast (21)
 B - a wand of flame (10)
Scrolls
 d - 2 scrolls of fog
 g - 2 scrolls of enchant armour
 p - 8 scrolls of remove curse
 s - 3 scrolls of teleportation
 w - 3 scrolls of amnesia
 D - 2 scrolls of magic mapping
 H - a scroll of enchant weapon
 J - a scroll of identify
Potions
 q - a potion of magic
 r - 3 potions of haste
 A - 2 potions of might
 F - a potion of brilliance
 I - a potion of agility
Comestibles
 f - 22 rations
 G - 3 chunks of flesh


   Skills:
 * Level 13.6(18.6) Fighting
 + Level 10.8(15.8) Axes
 * Level 10.3(15.3) Armour
 - Level 3.2(8.2) Shields
 + Level 9.2 Invocations


You had 10 spell levels left.
You didn't know any spells.
Your spell library contained the following spells:

 Spells                   Type           Power        Failure   Level  Hunger
 Animate Skeleton         Necr           N/A          98%         1    ##.....
 Apportation              Tloc           #.....       98%         1    ##.....
 Confusing Touch          Hex            #.....       98%         1    ##.....
 Summon Small Mammal      Summ           #...         98%         1    ##.....


Dungeon Overview and Level Annotations

Branches:
Dungeon (11/15)            Temple (1/1) D:4            Lair (0/6) D:10
    Orc (1/2) D:9

Altars:
Ashenzari
Cheibriados
Dithmenos
Fedhas
Gozag
Hepliaklqana
Kikubaaqudgha
Makhleb
Nemelex Xobeh
Okawaru
Qazlal
Ru
Sif Muna
Trog
Uskayaw
Vehumet
Wu Jian
Xom
Yredelemnul
Beogh

Shops:
D:8 [   D:9 [

Annotations:
D:8 Maurice
Orc:1 Snorg


Innate Abilities, Weirdness & Mutations

You have a pair of small horns on your head.
You expend magic power (3 MP) to strengthen your wands.


Message History

You block Snorg's attack. Snorg claws you but does no damage. Snorg claws you!
You slash Snorg! You headbutt Snorg!
Snorg is heavily wounded.
You slash Snorg!
Snorg is severely wounded.
Snorg bites you!
* * * LOW HITPOINT WARNING * * *
You block Snorg's attack. Snorg claws you!
* * * LOW HITPOINT WARNING * * *
You feel better. You block Snorg's attack. Snorg claws you.
* * * LOW HITPOINT WARNING * * *
Snorg claws you!
* * * LOW HITPOINT WARNING * * *
Okay, then.
As you read the scroll of fog, it crumbles to dust.
The scroll dissolves into smoke.
You block Snorg's attack. Snorg barely misses you. Snorg claws you.
* * * LOW HITPOINT WARNING * * *
You block Snorg's attack. Snorg claws you!
You die...

#.#..##.#..# #.## #..$
.....[.....# ...##....
#.........######....#.#..
.##.......##..##.........
###...._.................
# #.....................
##..........#..§).§.....
##..####.....§§§§§.# ###
##.....#@#.## ##...###T##
##.###.oo...... ###
#......... o..#......
#...##..... ..... ..#..
...... .. . #.#.$.. ...


You could see Snorg (berserk), an orc wizard and an orc.

Vanquished Creatures
  Pikel (D:9)
  Joseph (D:9)
  A gargoyle (D:10)
  2 trolls (D:10)
  4 hippogriffs
  A vampire (D:10)
  A wraith (D:11)
  6 yaks
  2 wyverns
  A steam dragon (D:10)
  Edmund (D:6)
  4 porcupines (D:10)
  2 ice beasts
  6 orc warriors
  2 sky beasts
  4 black bears
  A hornet zombie (D:8)
  10 ogres
  2 phantoms
  5 centaurs
  2 big kobolds
  4 bullfrogs
  A gnoll sergeant (D:8)
  5 scorpions
  6 wights (D:6)
  11 killer bees
  3 howler monkeys (D:10)
  4 crimson imps
  A centaur zombie (D:9)
  2 bullfrog zombies (D:5)
  5 hounds
  A quasit (D:11)
  8 orc priests
  2 jellies (D:8)
  4 bullfrog skeletons
  5 centaur skeletons
  5 iguanas
  9 orc wizards
  3 worker ants
  5 gnolls
  6 adders
  2 shadow imps (D:6)
  4 oozes
  An adder zombie (D:8)
  2 adder skeletons
  4 worms
  2 dart slugs
  10 leopard geckos
  29 orcs
  A ball python (D:1)
  7 giant cockroaches
  5 goblins
  8 hobgoblins
  14 jackals
  19 kobolds
  3 quokkas
  8 bats
  5 frilled lizards
  A jackal skeleton (D:4)
  A quokka skeleton (D:6)
  10 rats
  2 fungi (D:1)
287 creatures vanquished.

Vanquished Creatures (others)
  2 slaves (D:9)
  A killer bee (D:9)
  48 fungi (D:10)
  15 plants (D:10)
66 creatures vanquished.

Grand Total: 353 creatures vanquished

Notes
Turn   | Place    | Note
-------+----------+-------------------------------------------
     0 | D:1      | Furikabute the Hill Orc Fighter began the quest for the
                  | Orb.
     0 | D:1      | Reached XP level 1. HP: 19/19 MP: 1/1
   120 | D:1      | Reached XP level 2. HP: 27/27 MP: 2/2
   175 | D:1      | Reached skill level 4 in Fighting
   436 | D:1      | Reached XP level 3. HP: 21/34 MP: 3/3
   814 | D:1      | Reached XP level 4. HP: 35/41 MP: 4/4
  1169 | D:2      | Reached skill level 5 in Fighting
  1231 | D:2      | You fall through a shaft for 2 floors!
  1231 | D:4      | Found a stormy altar of Qazlal.
  1231 | D:4      | Found a blossoming altar of Fedhas.
  1231 | D:4      | Noticed an ogre
  1249 | D:3      | Found a radiant altar of Vehumet.
  1249 | D:3      | Found an ancient bone altar of Kikubaaqudgha.
  1252 | D:3      | Found a burning altar of Makhleb.
  1261 | D:3      | Found a sparkling altar of Nemelex Xobeh.
  1650 | D:3      | Reached XP level 5. HP: 48/48 MP: 5/5
  1721 | D:3      | Found a snail-covered altar of Cheibriados.
  2617 | D:4      | Killed an ogre
  2617 | D:4      | Reached skill level 6 in Fighting
  2617 | D:4      | Reached XP level 6. HP: 40/58 MP: 6/6
  3034 | D:4      | Found a sacrificial altar of Ru.
  3115 | D:4      | Found a staircase to the Ecumenical Temple.
  3124 | Temple   | Entered the Ecumenical Temple
  3210 | Temple   | Became a worshipper of Warmaster Okawaru
  3255 | D:4      | Reached skill level 5 in Axes
  3481 | D:5      | Entered Level 5 of the Dungeon
  3483 | D:5      | Noticed a phantom
  3809 | D:5      | Noticed a sky beast
  3824 | D:5      | Killed a sky beast
  3824 | D:5      | Reached skill level 7 in Fighting
  3824 | D:5      | Reached skill level 5 in Armour
  3824 | D:5      | Reached XP level 7. HP: 59/66 MP: 7/7
  4112 | D:5      | Reached skill level 1 in Invocations
  4367 | D:5      | Reached * piety under Okawaru
  4399 | D:5      | Reached skill level 8 in Fighting
  4550 | D:5      | Reached XP level 8. HP: 74/74 MP: 9/9
  4838 | D:6      | Found a sparkling altar of Nemelex Xobeh.
  4980 | D:6      | Noticed Edmund
  5010 | D:6      | Killed Edmund
  5010 | D:6      | Reached skill level 9 in Fighting
  5272 | D:6      | Reached ** piety under Okawaru
  5382 | D:6      | Found a deep blue altar of Sif Muna.
  5509 | D:7      | Noticed a hippogriff
  5524 | D:7      | Killed a hippogriff
  5524 | D:7      | Reached XP level 9. HP: 63/85 MP: 12/12
  5923 | D:7      | Reached skill level 10 in Fighting
  6114 | D:7      | Reached skill level 5 in Invocations
  6633 | D:8      | Noticed Maurice
  6836 | D:8      | Reached *** piety under Okawaru
  6855 | D:8      | Found Ezuoplit's Antique Armour Boutique.
  6867 | D:8      | Bought a fine chain mail for 237 gold pieces
  6877 | D:8      | Identified the +6 chain mail of Voqipnurph {rN++ MR-
                  | Stlth+} (You bought it in a shop on level 8 of the Dungeon)
  6878 | D:8      | Bought a runed shield for 187 gold pieces
  7538 | D:9      | Noticed Pikel
  7543 | D:9      | Noticed Joseph
  7546 | D:9      | Reached skill level 11 in Fighting
  7560 | D:9      | Killed Pikel
  7560 | D:9      | Reached XP level 10. HP: 96/96 MP: 12/14
  7570 | D:9      | Killed Joseph
  7663 | D:9      | Reached **** piety under Okawaru
  7713 | D:9      | Reached skill level 12 in Fighting
  7779 | D:9      | Found a staircase to the Orcish Mines.
  7848 | D:9      | Found Puem's Antique Armour Boutique.
  8111 | D:9      | Reached ***** piety under Okawaru
  8169 | D:9      | Found a shadowy altar of Dithmenos.
  8330 | D:9      | Got a bloodstained hunting sling
  8331 | D:9      | Identified the +9 hunting sling of Tumult {speed, -Tele
                  | rPois Int+4} (You found it on level 9 of the Dungeon)
  8350 | D:10     | Entered Level 10 of the Dungeon
  8389 | D:10     | Found a staircase to the Lair.
  8389 | D:10     | Noticed a gargoyle
  8412 | D:10     | Reached skill level 10 in Axes
  8458 | D:10     | Reached XP level 11. HP: 79/105 MP: 11/17
  8759 | D:10     | Reached skill level 13 in Fighting
  8861 | D:10     | Gained mutation: You have a pair of small horns on your
                  | head. [potion of mutation]
  8861 | D:10     | Gained mutation: You expend magic power (3 MP) to
                  | strengthen your wands. [potion of mutation]
  9770 | D:11     | Noticed a skeletal warrior
  9789 | D:10     | Reached skill level 10 in Armour
  9945 | D:11     | Noticed a skeletal warrior
  9947 | D:11     | Noticed a skeletal warrior
 10079 | D:11     | Noticed a skeletal warrior
 10320 | Orc:1    | Entered Level 1 of the Orcish Mines
 10354 | Orc:1    | Found a roughly hewn altar of Beogh.
 10704 | Orc:1    | Noticed Snorg
 10723 | Orc:1    | Slain by Snorg

Skill      XL: |  1  2  3  4  5  6  7  8  9 10 11 |
---------------+----------------------------------+-----
Fighting       | 4 5 6 7 8 9 11 12 13 | 13.6
Axes           | 3 4 5 6 7 8 10 | 10.8
Armour         | 4 5 6 7 9 10 | 10.3
Invocations    | 2 4 6 8 9 |  9.2
Shields        | |  3.2

Action                   |  1- 3 |  4- 6 |  7- 9 | 10-12 || total
-------------------------+-------+-------+-------+-------++-------
Melee: War axe           |    76 |   187 |       |       ||   263
       Short sword       |     7 |       |       |       ||     7
       Hand axe          |       |    40 |   370 |   496 ||   906
       Headbutt          |       |       |       |    50 ||    50
Throw: Tomahawk          |       |     4 |     2 |       ||     6
Invok: Heroism           |       |       |     3 |     4 ||     7
       Finesse           |       |       |       |     3 ||     3
Evoke: Wand              |       |       |     5 |     6 ||    11
  Use: Scroll            |       |     7 |    11 |    10 ||    28
       Potion            |       |     8 |     5 |     7 ||    20
  Eat: Chunk             |       |    10 |     7 |     6 ||    23
       Ration            |       |       |     2 |     1 ||     3
Armor: Scale mail        |    18 |    91 |    60 |       ||   169
       Plate armour      |       |       |    65 |       ||    65
       Chain mail        |       |       |    17 |   249 ||   266
Dodge: Dodged            |    14 |    75 |    60 |    92 ||   241
Block: Shield            |    39 |   113 |   163 |   259 ||   574
